 Dungeon Crawl Stone Soup version 0.26.0-45-g9c1d065592 (webtiles) character file.

Game seed: 5552712281103205074

(classic levelgen) 5877 thiole the Covert (level 10, 0/72 HPs)
             Began as an Octopode Venom Mage on Jan 30, 2021.
             Was an Initiate of Gozag.
             Slain by an elephant (15 damage)
             ... on level 8 of the Dungeon.
             The game lasted 00:21:14 (9984 turns).

thiole the Covert (Octopode Venom Mage)             Turns: 9984, Time: 00:21:14

Health: 0/72       AC:  1    Str:  7    XL:     10   Next: 81%
Magic:  6/20       EV: 13    Int: 20    God:    Gozag
Gold:   817        SH:  5    Dex: 14    Spells: 11/22 levels left

rFire    . . .     SeeInvis .   f - +2 dagger (speed)
rCold    . . .     Faith    .   p - +0 buckler
rNeg     . . .     Spirit   .   (helmet restricted)
rPois    .         Reflect  .   (no amulet)
rElec    .         Harm     .   (no ring)
rCorr    .         Rampage  .   (no ring)
Will     .....                  (no ring)
Stlth    ++++++....             (no ring)
HPRegen  0.22/turn              (no ring)
MPRegen  0.17/turn              (no ring)
                                (no ring)
                                (no ring)

@: mighty, about to teleport
A: almost no armour, stealthy swim, amphibious, 8 rings, constrict 8, camouflage
1, gelatinous body 1
a: Renounce Religion, Potion Petition, Call Merchant, Bribe Branch


You were on level 8 of the Dungeon.
You worshipped Gozag.
Gozag was pleased with you.
You visited 2 branches of the dungeon, and saw 9 of its levels.
You also visited: Sewer.

You collected 885 gold pieces.
You paid 68 gold pieces to Gozag.

Inventory:

Hand Weapons
 f - a +2 dagger of speed (weapon)
Missiles
 d - 4 silver javelins
 n - 11 poisoned darts
Armour
 p - a +0 buckler (worn)
Wands
 a - a wand of disintegration (28)
 h - a wand of digging (6)
 r - a wand of random effects (18)
Scrolls
 e - 2 scrolls of fog {unknown}
 g - 3 scrolls of teleportation
 j - 4 scrolls of remove curse
 k - 2 scrolls of enchant armour
 m - 3 scrolls of amnesia
 q - 2 scrolls of magic mapping
 w - 2 scrolls of random uselessness {unknown}
Potions
 b - a potion of attraction
 c - 3 potions of flight
 i - a potion of berserk rage
 l - 2 potions of mutation
 s - a potion of might
 t - 7 potions of curing
 v - 2 potions of brilliance
 z - a potion of degeneration {unknown}
 A - a potion of cancellation {unknown}


   Skills:
 - Level 7.8 Fighting
 - Level 2.0 Dodging
 - Level 10.6 Stealth
 - Level 4.0 Shields
 + Level 6.9 Spellcasting
 - Level 3.0 Conjurations
 - Level 4.0 Transmutations
 - Level 3.0 Fire Magic
 - Level 4.0 Air Magic
 - Level 8.3 Poison Magic
 - Level 5.0 Evocations


You had 11 spell levels left.
You knew the following spells:

 Your Spells              Type           Power        Failure   Level
a - Sting                 Tmut/Pois      100%         1%          1
b - Mephitic Cloud        Conj/Pois/Air  27%          3%          3
c - Ignite Poison         Fire/Tmut/Pois 27%          3%          3
d - Olgreb's Toxic Radia  Pois           40%          3%          4

Your spell library contained the following spells:

 Spells                   Type           Power        Failure   Level
 Poisonous Vapours        Pois/Air       62%          1%          2
 Corona                   Hex            6%           10%         1
 Ensorcelled Hibernation  Hex/Ice        12%          14%         2
 Dazzling Flash           Conj/Hex       24%          16%         3
 Confusing Touch          Hex            6%           28%         3
 Tukima's Dance           Hex            6%           28%         3
 Cause Fear               Hex            3%           67%         4
 Silence                  Hex/Air        7%           75%         5
 Yara's Violent Unravell  Hex/Tmut       7%           75%         5
 Discord                  Hex            3%           100%        8


Dungeon Overview and Level Annotations

Branches:
Dungeon (8/15)             Temple (1/1) D:5            Lair (0/6) D:8
  Sewer (visited)

Altars:
Ashenzari
Cheibriados
Dithmenos
Elyvilon
Fedhas
Gozag
Hepliaklqana
Kikubaaqudgha
Makhleb
Nemelex Xobeh
Okawaru
Qazlal
Ru
Sif Muna
Trog
Uskayaw
Vehumet
Wu Jian
Xom
Yredelemnul
Zin
The Shining One


Innate Abilities, Weirdness & Mutations

You cannot wear most types of armour.
You are very stealthy in the water. (Stealth+)
You are amphibious.
You can wear up to eight rings at the same time.
You can use your tentacles to constrict eight enemies at once.
Your skin changes colour to match your surroundings (Stealth+).
Your rubbery body absorbs attacks. (AC +1, EV +1)


Message History

An orc comes into view. It is wielding a +0 hand axe.
The elephant tramples you!
You are shoved backwards!
The elephant tramples you.
You are shoved backwards!
You turn to flesh and can move again.
You puncture the elephant!
The elephant is moderately wounded.
The elephant tramples you!
* * * LOW HITPOINT WARNING * * *
You hold your ground!
The elephant trunk-slaps you.
* * * LOW HITPOINT WARNING * * *
You feel better. The elephant tramples you.
* * * LOW HITPOINT WARNING * * *
You hold your ground!
The elephant trunk-slaps you.
* * * LOW HITPOINT WARNING * * *
As you read the scroll of teleportation, it crumbles to dust.
You feel strangely unstable. You block the elephant's attack.
The elephant barely misses you.
You feel better. The elephant tramples you!
You die...
Your body crumbles into a pile of gold.

......#..........#.............#
.##...#..........#.............#
###...#..........#......####'###
......#..........#......##....#
......#..........#......#.....#
......#=.........#......#.....#
......#.........=#......#.....#
......'..........#......#.....#
......#.........@#......#.....#
......#........Y.#......#.....#
......#..........##+######..###
......#..........o....
##'####...............
.......................
.......................
........$...........o(.
.......................


You could see an elephant and an orc.

Vanquished Creatures
  Pikel (D:5)
  Maggie (D:6)
  Grinder (D:6)
  A yak (D:8)
  Sigmund (D:6)
  A basilisk (D:8)
  Menkaure (D:6)
  Edmund (D:6)
  Duvessa (D:6)
  3 phantoms
  3 ogres
  4 centaurs
  2 lemures (D:5)
  2 big kobolds (Sewer)
  2 bullfrogs
  A scorpion (D:5)
  Dowan (D:6)
  A howler monkey (D:4)
  A centaur zombie (D:5)
  6 orc priests
  3 hounds
  6 orc wizards
  A centaur skeleton (D:5)
  An iguana (D:4)
  3 worker ants
  A hound zombie (D:6)
  A hound skeleton (D:4)
  8 adders
  A shadow imp (D:6)
  3 white imps
  4 oozes
  2 worms
  3 dart slugs
  3 leopard geckos
  15 orcs
  7 bats
  10 giant cockroaches
  7 goblins
  7 hobgoblins
  13 jackals
  23 kobolds
  3 quokkas
  3 ball pythons
  4 frilled lizards
  11 rats
178 creatures vanquished.

Vanquished Creatures (others)
  A plant (Sewer)
1 creature vanquished.

Grand Total: 179 creatures vanquished

Notes
Turn   | Place    | Note
-------+----------+-------------------------------------------
     0 | D:1      | thiole the Octopode Venom Mage began the quest for the Orb.
     0 | D:1      | Reached XP level 1. HP: 11/11 MP: 3/3
   162 | D:1      | Reached skill level 1 in Fighting
   162 | D:1      | Reached XP level 2. HP: 18/18 MP: 1/5
   705 | D:1      | Reached XP level 3. HP: 24/24 MP: 4/6
  1154 | D:2      | Found an ornate altar of the Wu Jian Council.
  1187 | D:2      | Reached skill level 1 in Fire Magic
  1386 | D:2      | Reached XP level 4. HP: 19/29 MP: 0/7
  1831 | D:2      | Found a burning altar of Makhleb.
  2044 | D:3      | Found a faded altar of an unknown god.
  2057 | D:3      | Reached skill level 3 in Stealth
  2257 | D:3      | Reached XP level 5. HP: 23/34 MP: 8/8
  2787 | D:3      | Reached skill level 4 in Stealth
  2846 | D:3      | Reached skill level 5 in Stealth
  3203 | D:4      | Reached skill level 1 in Conjurations
  3203 | D:4      | Reached skill level 1 in Air Magic
  3203 | D:4      | Reached XP level 6. HP: 39/39 MP: 5/9
  3315 | D:4      | Noticed a phantom
  3388 | D:3      | Learned a level 3 spell: Mephitic Cloud
  3392 | D:3      | Learned a level 3 spell: Ignite Poison
  3399 | D:4      | Killed a phantom
  3581 | D:4      | Reached skill level 5 in Poison Magic
  3850 | D:4      | Reached XP level 7. HP: 45/45 MP: 7/10
  3986 | D:4      | HP: 1/45 [phantom (9)]
  4563 | D:5      | Entered Level 5 of the Dungeon
  4583 | D:5      | Learned a level 4 spell: Olgreb's Toxic Radiance
  4589 | D:5      | Reached skill level 1 in Shields
  5108 | D:5      | Found a staircase to the Ecumenical Temple.
  5117 | Temple   | Entered the Ecumenical Temple
  5232 | Temple   | Became a worshipper of Gozag Ym Sagoz the Greedy
  5271 | D:5      | Reached XP level 8. HP: 47/50 MP: 6/14
  6194 | D:5      | Noticed Pikel
  6196 | D:5      | Killed Pikel
  6666 | D:6      | Noticed Dowan
  6673 | D:6      | Killed Dowan
  6674 | D:6      | Reached XP level 9. HP: 40/58 MP: 7/15
  6677 | D:6      | Noticed Sigmund
  6677 | D:6      | Noticed Duvessa
  6686 | D:6      | Killed Sigmund
  6687 | D:6      | Reached skill level 5 in Spellcasting
  6699 | D:6      | Killed Duvessa
  6699 | D:6      | HP: 4/87 [poisoned by an adder]
  6707 | D:6      | HP: 2/58 [poisoned by an adder]
  6884 | D:6      | Found a glowing drain.
  6917 | Sewer    | Entered a sewer
  7812 | D:6      | Reached skill level 10 in Stealth
  7812 | D:6      | Reached XP level 10. HP: 72/72 MP: 16/20
  7905 | D:6      | Reached skill level 1 in Evocations
  8058 | D:6      | Noticed Edmund
  8061 | D:6      | Killed Edmund
  8158 | D:6      | Noticed Menkaure
  8164 | D:6      | Noticed Grinder
  8165 | D:6      | Killed Menkaure
  8211 | D:6      | Paralysed by Grinder for 7 turns
  8330 | D:6      | Killed Grinder
  8476 | D:6      | Noticed Maggie
  8515 | D:6      | Killed Maggie
  9929 | D:8      | Reached skill level 5 in Evocations
  9936 | D:8      | Found a staircase to the Lair.
  9945 | D:8      | Noticed an elephant
  9984 | D:8      | Slain by an elephant

Illustrated notes

Levels and vault maps discovered:
D:1:      minmay_arrival_four_circles, layout_loops_ring
D:2:      layout_rooms, lemuel_crystal_altar, makhleb_blood_cavern_becter
D:3:      layout_basic, chequers_ecumenical_altar_simple_redux
D:4:      layout_loops_ring, chequers_decorated_corner, minmay_misc_feat_iff
D:5:      layout_layer_cave, minmay_temple_entry_waves, kennysheep_small_spiral,
          minmay_fractal_squares_diagonal_5, uniq_pikel
D:6:      layout_basic, gup_sewer_entry_glass, uniq_sigmund, uniq_menkaure,
          uniq_edmund, uniq_duvessa, uniq_maggie, uniq_grinder
D:7:      layout_loops_ring, nicolae_underground_beach
D:8:      layout_gridville, david_lair_generic, uniq_harold
Temple:   regret_index_temple_chain_breaker

Skill      XL: |  1  2  3  4  5  6  7  8  9 10 |
---------------+-------------------------------+-----
Poison Magic   | 4 5 6 8 |  8.3
Fighting       | 1 2 4 7 |  7.8
Fire Magic     | 1 2 3 |  3.0
Transmutations | 2 4 |  4.0
Stealth        | 3 5 10 | 10.6
Conjurations   | 1 2 3 |  3.0
Air Magic      | 1 2 4 |  4.0
Spellcasting   | 4 6 |  6.9
Shields        | 3 4 |  4.0
Evocations     | 5 |  5.0
Dodging        | |  2.0

Action                   |  1- 3 |  4- 6 |  7- 9 | 10-12 || total
-------------------------+-------+-------+-------+-------++-------
Melee: Unarmed           |     3 |       |       |       ||     3
       Constrict         |    11 |    19 |    15 |     5 ||    50
       Tentacles         |     4 |    18 |    19 |     4 ||    45
       Dagger            |    28 |    96 |   120 |    35 ||   279
 Cast: Sting             |    46 |    40 |    32 |    15 ||   133
       Ignite Poison     |       |     1 |    13 |    15 ||    29
       Mephitic Cloud    |       |     1 |     2 |     6 ||     9
       Olgreb's Toxic Ra |       |       |    24 |    22 ||    46
Evoke: Wand              |       |       |       |     2 ||     2
  Use: Potion            |       |       |     9 |     6 ||    15
       Scroll            |       |       |     3 |    13 ||    16
 Stab: Sleeping          |     2 |    10 |     6 |     2 ||    20
       Distracted        |       |       |     1 |       ||     1
Armor: Skin              |     1 |     3 |     5 |       ||     9
Dodge: Dodged            |    12 |    55 |    54 |    26 ||   147
Block: Buckler           |       |       |    13 |     5 ||    18
